 Dungeon Sprint DCSS version 0.30.1-9-gdf580d7c3d (webtiles) character file.

Game seed: 6448733249512972520

21497 Heoruswealwe the Phalangite (level 12, -3/132 HPs)
             Began as a Minotaur Fighter on Oct 5, 2023.
             Was an Initiate of Gozag.
             Slain by an ettin
             ... wielding a +0 dire flail
              (34 damage)
             ... while paralysed by a floating eye
             ... in the Dungeon (Sprint IX: "|||||||||||||||||||||||||||||").
             The game lasted 00:28:47 (2034 turns).

Heoruswealwe the Phalangite (Minotaur Fighter)      Turns: 2034, Time: 00:28:48

Health: -3/132     AC: 27    Str: 30    XL:     12   Next: 54%
Magic:  11/11      EV:  2    Int:  5    God:    Gozag
Gold:   1150       SH:  0    Dex: 17    Spells: 11/11 levels left

rFire   . . .        b - +4 glaive "Coduasol" {spect, rElec rPois Dex+8}
rCold   + . .        (shield currently unavailable)
rNeg    . . .        c - +2 plate armour {rPois}
rPois   +            (helmet restricted)
rElec   +            h - +0 cloak
rCorr   .            f - +1 pair of gloves
SInv    .            e - +0 pair of boots
Will    .....        i - amulet of regeneration Stlth
                     k - +3 ring of strength
HPRegen 1.22/turn    j - ring of protection from cold
MPRegen 0.12/turn

%: no teleportation
@: paralysed, gold aura
A: horns 2, retaliatory headbutt
a: Renounce Religion, Potion Petition, Call Merchant, Bribe Branch


You were in the Dungeon.
You worshipped Gozag.
Gozag was most pleased with you.
You visited 1 branch You collected 8092 gold pieces.
You spent 3694 gold pieces at shops.
You paid 3248 gold pieces to Gozag.

Inventory:

Hand Weapons
 a - the +1 trident "Edohim" {flame, Str+2 SInv}
   (You bought it in a shop in the Dungeon)

   Str:       It affects your strength (+2).
   SInv:      It lets you see invisible.
 b - the +4 glaive "Coduasol" (weapon) {spect, rElec rPois Dex+8}
   (You bought it in a shop in the Dungeon)

   Dex:       It affects your dexterity (+8).
   rElec:     It insulates you from electricity.
   rPois:     It protects you from poison.
 t - a +1 glaive
Armour
 c - a +2 plate armour of poison resistance (worn)
 d - a +0 buckler
 e - a +0 pair of boots (worn)
 f - a +1 pair of gloves (worn)
 h - a +0 cloak (worn)
Jewellery
 i - an amulet of regeneration (around neck)
 j - a ring of protection from cold (right hand)
 k - a +3 ring of strength (left hand)
Wands
 s - a wand of roots (10)
 x - a wand of flame (9)
Scrolls
 o - 3 scrolls of blinking
 q - 3 scrolls of enchant armour
 r - 3 scrolls of identify
Potions
 g - 5 potions of haste
 l - 9 potions of curing
 m - 3 potions of heal wounds
 n - 3 potions of might
 p - 4 potions of resistance
 u - 2 potions of mutation
 z - 4 potions of berserk rage
 B - a potion of cancellation
Miscellaneous
 v - a condenser vane


   Skills:
 + Level 19.8 Fighting
 * Level 26.5 Polearms
 + Level 19.8 Armour
 - Level 3.6 Shields


You had 11 spell levels left.
You didn't know any spells.
Your spell library was empty.

Dungeon Overview and Level Annotations

Branches:
Dungeon (1/1)

Altars:
Cheibriados
Dithmenos
Elyvilon
Fedhas
Gozag
Hepliaklqana
Kikubaaqudgha
Makhleb
Nemelex Xobeh
Okawaru
Qazlal
Ru
Sif Muna
Trog
Uskayaw
Vehumet
Wu Jian
Xom
Yredelemnul
Zin
The Shining One
Jiyva
Lugonu

Shops:
D ((*(!*[*


Innate Abilities, Weirdness & Mutations

You have a pair of horns on your head.
You reflexively headbutt those who attack you in melee.


Message History

You slash the stone giant!
You kill the stone giant!
Your +4 glaive "Coduasol" {spect, rElec rPois Dex+8} disappears.
You slash the fire giant!
The fire giant is lightly wounded.
Your +4 glaive "Coduasol" {spect, rElec rPois Dex+8} hits the fire giant from afar!!
The floating eye is no longer distracted by gold.
The ettin is distracted by your dazzling golden aura.
The fire giant hits you with a +1 great sword of flaming!!
The fire giant burns you!
The ettin shouts in stereo!
You open the fire giant like a pillowcase!!!
You headbutt the fire giant!
The fire giant is severely wounded.
Your +4 glaive "Coduasol" {spect, rElec rPois Dex+8} hits the fire giant but does no damage.
Unknown command.
You slice the fire giant!!
The fire giant is almost dead.
Your +4 glaive "Coduasol" {spect, rElec rPois Dex+8} completely misses the fire giant.
The floating eye seems to glare at you.
The fire giant points at you and mumbles some strange words.
The bolt of fire misses you.
The bolt of fire hits your +4 glaive "Coduasol" {spect, rElec rPois Dex+8}!!
Your +4 glaive "Coduasol" {spect, rElec rPois Dex+8} resists.
Your spectral weapon shares its damage with you!
Your +4 glaive "Coduasol" {spect, rElec rPois Dex+8} hits the fire giant from afar!!!
You kill the fire giant!
Your +4 glaive "Coduasol" {spect, rElec rPois Dex+8} disappears.
The floating eye gazes piercingly through you!
You suddenly lose the ability to move!
The ettin is no longer distracted by gold.
The spark wasp is distracted by your dazzling golden aura.
You are no longer corroded.
The floating eye is distracted by your dazzling golden aura.
The ettin hits you but does no damage.
The ettin hits you with a +0 dire flail!!
* * * LOW HITPOINT WARNING * * *
The ettin hits you with a +0 dire flail!!
You die...
Your body crumbles into a pile of gold.

,*,*,*,*,*,*+*,*,▓.▓.▓.▓.▓.▓.▓
,*,*,*,*,*,*,*,▓.▓.▓∩▓.▓'▓.▓.▓
,*,*,*,*,*,*,*,▓.▓.▓.▓.▓.▓.▓.▓
,*,*,*,*,*,*,*,▓.▓.▓∩▓.▓.▓.▓.▓
,*,*,*,*,*,*,*,▓G▓.▓.▓.▓.▓.▓)▓
,*,*,*,*,*,*,*,▓y▓.▓∩▓.▓.▓.▓.▓
+*,*,*,*,*,*,*,▓.▓.▓.▓.▓.▓.▓.▓
,*,*,*,*,*,*,*,▓C▓.▓∩▓.▓.▓.▓.▓
,*,*,*,*,*,*,*,▓@▓.▓.▓.▓.▓.▓.▓
,*,*,*,*,*,*,*,▓$▓.▓∩▓.▓.▓.▓.▓
,*,*,*,*,*,*+*,▓.▓.▓.▓.▓.▓.▓[▓
,*,*,*,*,*,*,*,▓$▓.▓[▓)▓.▓.▓)▓
,*,*,*,*,*,*,*,▓$▓.▓)▓.▓.▓.▓?▓
,*,*,*,*,*,*,*,▓$▓.▓.▓.▓.▓.▓!▓
,*,*,*,*,*,*,*,▓.▓.▓.▓.▓'▓.▓'▓
,*,*,*,*,*,*,*,▓?▓.▓'▓.▓.▓.▓_▓
,*,*,*,*,*,*,*,▓?▓.▓.▓.▓.▓.▓_▓


You could see an ettin, a spark wasp and a floating eye (unaware).

Vanquished Creatures
  A fire giant (D)
  A very ugly thing (D)
  A stone giant (D)
  Josephine (D)
  A rakshasa (D)
  2 hydras (D)
  An ogre mage (D)
  2 centaur warriors (D)
  2 boulder beetles (D)
  Sonja (D)
  A wizard (D)
  4 lindwurms (D)
  2 orc knights (D)
  7 orc sorcerers (D)
  An ugly thing (D)
  A cyclops (D)
  A rime drake (D)
  A cane toad (D)
  A kobold demonologist (D)
  A freezing wraith (D)
  4 komodo dragons (D)
  A meliai (D)
  A tyrant leech (D)
  3 trolls (D)
  A blink frog (D)
  A dream sheep (D)
  5 wraiths (D)
  A yak (D)
  An acid dragon (D)
  10 orc warriors (D)
  7 bullfrogs (D)
  A scorpion (D)
  A killer bee (D)
  A howler monkey (D)
  2 orc priests (D)
  9 orc wizards (D)
  A white imp (D)
  3 worms (D)
  A dart slug (D)
  11 orcs (D)
  An endoplasm (D)
  2 goblins (D)
  A quokka (D)
  A rat (D)
103 creatures vanquished.

Notes
Turn   | Place    | Note
-------+----------+-------------------------------------------
     0 | D        | Heoruswealwe the Minotaur Fighter began the quest for the
                  | Orb.
     0 | D        | Reached XP level 1. HP: 19/19 MP: 0/0
     7 | D        | Reached skill level 3 in Polearms
    25 | D        | Noticed a scorpion
    27 | D        | Reached skill level 4 in Polearms
    27 | D        | Reached XP level 2. HP: 28/28 MP: 1/1
    37 | D        | Reached skill level 5 in Polearms
    40 | D        | Killed a scorpion
    41 | D        | Reached skill level 7 in Polearms
    41 | D        | Reached XP level 3. HP: 22/37 MP: 2/2
    41 | D        | Reached XP level 4. HP: 27/44 MP: 3/3
    46 | D        | Found a snail-covered altar of Cheibriados.
    46 | D        | Found a shadowy altar of Dithmenos.
    46 | D        | Found a white marble altar of Elyvilon.
    46 | D        | Found a blossoming altar of Fedhas.
    46 | D        | Found an opulent altar of Gozag.
    47 | D        | Found a hazy altar of Hepliaklqana.
    48 | D        | Found a viscous altar of Jiyva.
    49 | D        | Found an ancient bone altar of Kikubaaqudgha.
    50 | D        | Found a corrupted altar of Lugonu.
    51 | D        | Found a burning altar of Makhleb.
    52 | D        | Found a sparkling altar of Nemelex Xobeh.
    53 | D        | Found an iron altar of Okawaru.
    54 | D        | Became a worshipper of Gozag Ym Sagoz the Greedy
    55 | D        | Found a stormy altar of Qazlal.
    56 | D        | Found a sacrificial altar of Ru.
    57 | D        | Found a shimmering blue altar of Sif Muna.
    58 | D        | Found a bloodstained altar of Trog.
    59 | D        | Found a hide-covered altar of Uskayaw.
    60 | D        | Found a radiant altar of Vehumet.
    61 | D        | Found an ornate altar of the Wu Jian Council.
    62 | D        | Found a shimmering altar of Xom.
    63 | D        | Found a basalt altar of Yredelemnul.
    64 | D        | Found a glowing silver altar of Zin.
    65 | D        | Found a glowing golden altar of the Shining One.
    81 | D        | Got the +2 halberd "Poshryku" {drain, Contam rN+ Will+
                  | Stlth+}
   128 | D        | Noticed an acid dragon
   128 | D        | Noticed a troll
   128 | D        | Noticed a troll
   128 | D        | Noticed a kobold demonologist
   144 | D        | Reached skill level 8 in Polearms
   150 | D        | Killed a kobold demonologist
   151 | D        | Reached skill level 11 in Polearms
   151 | D        | Reached XP level 5. HP: 43/57 MP: 4/4
   151 | D        | Reached XP level 6. HP: 47/63 MP: 5/5
   153 | D        | Reached skill level 12 in Polearms
   156 | D        | Killed a troll
   157 | D        | Reached skill level 10 in Fighting
   157 | D        | Reached skill level 13 in Polearms
   157 | D        | Reached skill level 10 in Armour
   157 | D        | Reached XP level 7. HP: 56/72 MP: 6/6
   158 | D        | Killed a troll
   159 | D        | Reached skill level 14 in Polearms
   216 | D        | Noticed a wraith
   216 | D        | Noticed a centaur warrior
   216 | D        | Noticed a troll
   216 | D        | Noticed a boulder beetle
   216 | D        | Noticed a red ugly thing
   220 | D        | Killed a red ugly thing
   221 | D        | Reached skill level 15 in Polearms
   221 | D        | Reached XP level 8. HP: 34/83 MP: 7/7
   226 | D        | Killed a troll
   227 | D        | Reached skill level 16 in Polearms
   231 | D        | Killed a centaur warrior
   232 | D        | Reached skill level 17 in Polearms
   232 | D        | Reached XP level 9. HP: 57/92 MP: 8/8
   243 | D        | Killed a boulder beetle
   244 | D        | Reached skill level 18 in Polearms
   469 | D        | Noticed a komodo dragon
   471 | D        | Noticed a rime drake
   475 | D        | Killed a komodo dragon
   485 | D        | Reached skill level 19 in Polearms
   488 | D        | Killed a rime drake
   492 | D        | Reached XP level 10. HP: 66/104 MP: 9/9
   606 | D        | Noticed a cane toad
   606 | D        | Noticed a boulder beetle
   613 | D        | Noticed an eight-headed hydra
   622 | D        | Killed a cane toad
   627 | D        | Killed a boulder beetle
   628 | D        | Reached skill level 15 in Fighting
   628 | D        | Reached skill level 20 in Polearms
   628 | D        | Reached skill level 15 in Armour
   647 | D        | Killed a 12-headed hydra
   648 | D        | Reached skill level 21 in Polearms
   720 | D        | Noticed a lindwurm
   720 | D        | Noticed a lindwurm
   720 | D        | Noticed a lindwurm
   735 | D        | Killed a lindwurm
   735 | D        | Noticed a lindwurm
   742 | D        | Killed a lindwurm
   746 | D        | Killed a lindwurm
   747 | D        | Reached XP level 11. HP: 65/115 MP: 10/10
   755 | D        | Reached skill level 22 in Polearms
   758 | D        | Killed a lindwurm
   961 | D        | Noticed Sonja
   968 | D        | Killed Sonja
  1138 | D        | Noticed Josephine
  1156 | D        | Killed Josephine
  1164 | D        | Reached skill level 23 in Polearms
  1275 | D        | Noticed an orc knight
  1290 | D        | Killed an orc knight
  1374 | D        | Noticed an orc knight
  1393 | D        | Killed an orc knight
  1580 | D        | Found Faiklufymp's Assorted Antiques.
  1580 | D        | Noticed an orc sorcerer
  1580 | D        | Noticed an orc sorcerer
  1580 | D        | Noticed an orc sorcerer
  1580 | D        | Noticed an orc sorcerer
  1581 | D        | Noticed an orc sorcerer
  1585 | D        | Killed an orc sorcerer
  1586 | D        | Reached skill level 24 in Polearms
  1587 | D        | Killed an orc sorcerer
  1589 | D        | Killed an orc sorcerer
  1590 | D        | Noticed an orc sorcerer
  1592 | D        | Found Jiepn's Armour Shop.
  1598 | D        | Killed an orc sorcerer
  1599 | D        | Found Sethutyes's General Store.
  1599 | D        | Noticed an orc sorcerer
  1600 | D        | Killed an orc sorcerer
  1602 | D        | Found Jallopso's Distillery.
  1609 | D        | Killed an orc sorcerer
  1613 | D        | Killed an orc sorcerer
  1627 | D        | Reached XP level 12. HP: 106/128 MP: 11/11
  1735 | D        | Bought a pearl ring for 150 gold pieces
  1735 | D        | Bought a scroll of identify for 60 gold pieces
  1735 | D        | Bought a scroll of identify for 60 gold pieces
  1735 | D        | Bought a condenser vane for 1200 gold pieces
  1743 | D        | Bought a potion of haste for 110 gold pieces
  1743 | D        | Bought a potion of lignification for 33 gold pieces
  1743 | D        | Bought a scroll of magic mapping for 82 gold pieces
  1743 | D        | Bought the +1 trident "Edohim" {flame, Str+2 SInv} for 293
                  | gold pieces
  1743 | D        | Bought an amulet of regeneration for 330 gold pieces
  1745 | D        | Bought a potion of curing for 30 gold pieces
  1745 | D        | Bought a potion of degeneration for 10 gold pieces
  1745 | D        | Bought a potion of cancellation for 80 gold pieces
  1745 | D        | Bought a potion of berserk rage for 50 gold pieces
  1745 | D        | Bought 2 potions of resistance for 200 gold pieces
  1745 | D        | Bought a potion of curing for 30 gold pieces
  1745 | D        | Bought a potion of heal wounds for 50 gold pieces
  1745 | D        | Bought a potion of brilliance for 40 gold pieces
  1784 | D        | Bought a scroll of enchant armour for 277 gold pieces
  1784 | D        | Bought a fizzy black potion for 33 gold pieces
  1784 | D        | Bought a scroll labelled FUUPHUMUAM for 37 gold pieces
  1784 | D        | Bought a bone wand for 148 gold pieces
  1819 | D        | Bought a smoking glaive for 391 gold pieces
  1819 | D        | Identified the +4 glaive "Coduasol" {spect, rElec rPois
                  | Dex+8} (You bought it in a shop in the Dungeon)
  1999 | D        | Noticed a centaur warrior
  1999 | D        | Noticed an ogre mage
  1999 | D        | Noticed a four-headed hydra
  2003 | D        | Killed a seven-headed hydra
  2004 | D        | Reached skill level 25 in Polearms
  2005 | D        | Noticed a brown very ugly thing
  2006 | D        | Killed an ogre mage
  2007 | D        | Noticed a rakshasa
  2008 | D        | Killed a centaur warrior
  2009 | D        | Noticed a stone giant
  2011 | D        | Noticed a fire giant
  2012 | D        | Noticed an ettin
  2018 | D        | Killed a brown very ugly thing
  2022 | D        | Killed a rakshasa
  2022 | D        | Noticed a spark wasp
  2023 | D        | Reached skill level 26 in Polearms
  2027 | D        | Killed a stone giant
  2030 | D        | Killed a fire giant
  2031 | D        | Paralysed by a floating eye for 4 turns
  2034 | D        | Slain by an ettin

Illustrated notes

Levels and vault maps discovered:
D:        linesprint [early_d, line_temple, items_1, d_10, items_2, lair_1,
          lair_end, items_3, orc_1, orc_end, items_4, d_15, swamp_1, shoals_1,
          snake_1, spider_1, d_20, vaults_1, items_5, swamp_end, shoals_end,
          snake_end, spider_end, vaults_end, d_27, items_6, zot_1, zot_end,
          crypt_end, forest_end, elf_end, slime_end, tomb_end, abyss_end,
          pan_hell_end]

Skill      XL: |  1  2  3  4  5  6  7  8  9 10 11 12 |
---------------+-------------------------------------+-----
Polearms       | 4 7 11 13 15 17 19 21 24 26 | 26.5
Fighting       | 4 6 9 10 11 12 14 16 18 19 | 19.8
Armour         | 4 6 9 10 11 12 14 16 18 19 | 19.8
Shields        | |  3.6

Action                     |  1- 3 |  4- 6 |  7- 9 | 10-12 || total
---------------------------+-------+-------+-------+-------++-------
  Melee: Trident           |    22 |       |       |       ||    22
         Headbutt          |     2 |     3 |    11 |    47 ||    63
         Halberd           |       |    28 |    49 |   218 ||   295
         Glaive            |       |       |       |    26 ||    26
 Invoke: Call Merchant     |       |       |       |     4 ||     4
    Use: Potion            |       |       |     1 |     1 ||     2
         Scroll            |       |       |       |     3 ||     3
 Armour: Scale mail        |     7 |       |       |       ||     7
         Chain mail        |       |    13 |     9 |    53 ||    75
         Plate armour      |       |       |       |    24 ||    24
  Dodge: Dodged            |     5 |     4 |    19 |    46 ||    74
  Block: Buckler           |     4 |       |       |       ||     4
